AoeStats
← MattAtArms

Arabia

508531542Analyzed
1v1 RM · 10d ago on Sep 22, 2026· 24m 12s· 2 players
Game mode
Random Map
Map size
Tiny (2 player)
Population
200
Speed
Normal
Resources
Standard
Victory
Conquest
Starting age
Dark Age
Ending age
Imperial Age
RankedLock teamsTeams togetherTeam positionsShared explorationLock speedFull tech treeHidden civsTurbo modeCheats
Victory
Defeat
🇬🇧 Burmese · United Kingdom
2008
+19
🇨🇦 Hindustanis · Canada
2063
-19
MattAtArms
5:40 Loom
9:07 Feudal Age
9:22 Man-at-Arms
14:16 Fletching
19:38 Castle Age
17:54 Padded Archer Armor
18:13 Horse Collar
18:26 Gold Mining
19:08 Gold Mining
19:24 Horse Collar
19:43 Crossbowman
20:19 Bodkin Arrow
22:42 Ballistics
Vartan
6:29 Loom
6:35 Loom
8:53 Feudal Age
9:47 Double-Bit Axe
12:52 Town Watch
15:16 Fletching
21:14 Castle Age
19:46 Padded Archer Armor
19:27 Horse Collar
21:53 Bodkin Arrow
21:56 Crossbowman
Connection lost

Rejoining the realm…

Still unreachable

The connection could not be restored.

Session expired

The server has moved on; the page needs a fresh start.